 Dungeon Crawl Stone Soup version 0.16.1-16-gc44b35d (webtiles) character file.

286 KarvaRausku the Cudgeler (level 6, -3/59 HPs)
             Began as an Ogre Warper on Apr 21, 2015.
             Was an Initiate of Fedhas.
             Engulfed by a cloud of flame (25 damage)
             ... in a sewer.
             The game lasted 00:14:50 (5100 turns).

KarvaRausku the Cudgeler (Ogre Warper)              Turns: 5100, Time: 00:14:50

Health: -3/59      AC:  3    Str: 18    XL:     6   Next: 30%
Magic:  11/12      EV: 10    Int: 13    God:    Fedhas [......]
Gold:   164        SH:  0    Dex:  9    Spells: 2 memorised, 8 levels left

rFire  . . .     SeeInvis .     a - +0 mace
rCold  . . .     Clarity  .     b - +0 robe
rNeg   . . .     SustAb   .     (shield restricted)
rPois  .         Gourm    .     (helmet restricted)
rElec  .         Spirit   .     (no cloak)
rCorr  .         Warding  .     (gloves unavailable)
rMut   .         Stasis   .     (boots unavailable)
MR     .....                    (no amulet)
Stlth  +.........               (no ring)
                                (no ring)

@: not resistant to hostile enchantments, very unstealthy
A: unfitting armour, tough skin 1
a: Renounce Religion


You were in a sewer.
You worshipped Fedhas.
Fedhas was noncommittal.
You were not hungry.

You visited 1 branch of the dungeon, and saw 4 of its levels.
You also visited: Sewer.

You collected 164 gold pieces.

Inventory:

Hand weapons
 a - a +0 mace (weapon)
 t - a +0 mace
Missiles
 e - 5 tomahawks of dispersal (quivered)
 C - 2 tomahawks
Armour
 b - a +0 robe (worn)
 s - a +1 helmet of see invisible
 u - a +0 animal skin
 y - a +0 robe
Magical devices
 i - a wand of frost (0)
Scrolls
 d - a scroll of blinking
 g - a scroll of immolation
 h - 3 scrolls of identify
 l - a scroll of fog
 n - 2 scrolls of amnesia {unknown}
 v - 2 scrolls of remove curse {unknown}
 B - a scroll of teleportation
Potions
 k - a potion of haste
 m - a potion of might {unknown}
 o - a potion of cancellation
 p - 2 potions of heal wounds {unknown}
 q - a potion of magic {unknown}
 x - a potion of restore abilities {unknown}
 z - a potion of flight {unknown}
 A - a potion of berserk rage {unknown}
Books
 c - a book of Spatial Translocations

   Spells                             Type                      Level
   a - Apportation                    Translocation                1
   b - Blink                          Translocation                2
   c - Shroud of Golubria             Charms/Translocation         2
   d - Portal Projectile              Translocation                3
   e - Teleport Other                 Translocation                3
   f - Passage of Golubria            Translocation                4
Comestibles
 f - 2 meat rations
 j - 4 fruits
 r - a bread ration
 w - a beef jerky
 D - 3 chunks of flesh


   Skills:
 - Level 2.6 Fighting
 + Level 7.4 Maces & Flails
 - Level 1.1 Throwing
 - Level 0.7 Armour
 + Level 2.3 Dodging
 + Level 3.0 Spellcasting
 + Level 2.6 Translocations


You had 8 spell levels left.
You knew the following spells:

 Your Spells              Type           Power        Failure   Level  Hunger
a - Apportation           Tloc           #.........   10%         1    #......
b - Blink                 Tloc           N/A          14%         2    ###....


Dungeon Overview and Level Annotations

Branches:
Dungeon (4/15)
 Temple: D:4-7

Altars:
Cheibriados
Fedhas
Xom

Annotations:
D:1 Sigmund


Innate Abilities, Weirdness & Mutations

You are too large for most types of armour.
You have tough skin (AC +1).


Message History

Nothing appears to happen.
Read which item? (? for menu, Esc to quit)
As you read the scroll labeled INA MAIWYDAYLU, it crumbles to dust.
The creatures around you are filled with an inner flame!
It was a scroll of immolation.
You enter the shallow water.
Moving in this stuff is going to be slow.
You barely miss the kobold.
The kobold splashes around in the water.
You thump the kobold!
The kobold explodes!
The fiery explosion engulfs the ooze.
The ooze explodes!
The fiery explosion engulfs you!
Ouch! That really hurt!
You hear a splash.
Your Spellcasting skill increases to level 3!
You are engulfed in roaring flames.
You die...
Fedhas appreciates your contribution to the ecosystem.

#≈≈≈≈≈....
#≈.≈.....∩
##≈≈..≈≈... #####
##.≈≈..≈≈≈.≈
..≈≈####..≈.##≈...≈
#≈≈.≈≈.≈≈####...≈
### #≈.≈≈≈≈≈.#
#≈≈.≈
#.≈≈≈§###≈..≈.≈.##
..≈≈≈ #§§§@.#######
≈..≈≈ #.≈≈≈§#####
..## ###


There were no monsters in sight!

Vanquished Creatures
  2 orc priests (D:3)
  Terence (D:2)
  Robin (D:2)
  5 adders
  6 worms
  7 giant geckos
  3 oozes
  6 orcs (D:3)
  3 ball pythons
  16 bats
  A bat skeleton (D:4)
  16 hobgoblins
  5 jackals
  9 kobolds
  A quokka (D:2)
  4 giant cockroaches
  7 giant newts
  17 goblins
  9 rats
119 creatures vanquished.

Vanquished Creatures (others)
  4 toadstools (D:4)
4 creatures vanquished.

Grand Total: 123 creatures vanquished

Notes
Turn   | Place    | Note
--------------------------------------------------------------
     0 | D:1      | KarvaRausku, the Ogre Warper, began the quest for the Orb.
     0 | D:1      | Reached XP level 1. HP: 22/22 MP: 3/3
    26 | D:1      | Reached skill level 3 in Maces & Flails
   266 | D:1      | Reached XP level 2. HP: 29/29 MP: 5/5
   442 | D:1      | Reached skill level 4 in Maces & Flails
   857 | D:1      | Reached XP level 3. HP: 33/36 MP: 6/6
  1096 | D:2      | Noticed Sigmund
  1564 | D:2      | Reached skill level 5 in Maces & Flails
  2078 | D:2      | Reached XP level 4. HP: 33/44 MP: 8/8
  2524 | D:2      | Noticed Terence
  2539 | D:2      | Killed Terence
  2539 | D:2      | Reached skill level 6 in Maces & Flails
  2968 | D:2      | Learned a level 2 spell: Blink
  3003 | D:2      | Noticed Robin
  3013 | D:2      | Reached XP level 5. HP: 39/50 MP: 9/9
  3097 | D:2      | Killed Robin
  3511 | D:3      | Reached skill level 7 in Maces & Flails
  3626 | D:3      | Found a shimmering altar of Xom.
  4068 | D:3      | Reached XP level 6. HP: 59/59 MP: 11/11
  4617 | D:3      | Found a blossoming altar of Fedhas.
  4618 | D:3      | Found a snail-covered altar of Cheibriados.
  4622 | D:3      | Became a worshipper of Fedhas Madash
  5034 | D:4      | Found a glowing drain.
  5038 | Sewer    | Entered a sewer
  5100 | Sewer    | Engulfed by a cloud of flame

Action                   |  1- 3 |  4- 6 || total
-------------------------+-------+-------++-------
Melee: Mace              |   140 |   304 ||   444
 Cast: Blink             |       |     4 ||     4
Evoke: Wand              |     3 |     9 ||    12
  Use: Scroll            |     4 |     3 ||     7
       Potion            |     3 |     1 ||     4
  Eat: Chunk             |     4 |    10 ||    14
